AoeStats
← jack122800

Arena

510768145Analyzed
3v3 RM · 1d ago on Oct 2, 2026· 38m 36s· 6 players
Game mode
Random Map
Map size
Normal (6 player)
Population
200
Speed
Normal
Resources
Standard
Victory
Conquest
Starting age
Dark Age
Ending age
Imperial Age
RankedLock teamsTeams togetherTeam positionsShared explorationLock speedFull tech treeHidden civsTurbo modeCheats
Victory
Defeat
🇹🇼 Spanish · Taiwan
1133
+14
🇹🇼 Danes · Taiwan
1123
+14
🇹🇼 Turks · Taiwan
1122
+14
🇺🇸 Malay · United States
1099
-14
🇷🇺 Saxons · Russia
1078
-14
🇹🇼 Bohemians · Taiwan
1078
-14
LoveCreamPie
10:51 Feudal Age
15:00 Castle Age
12:58 Double-Bit Axe
13:21 Horse Collar
16:09 Bow Saw
16:53 Fervor
20:20 Heavy Plow
23:03 Wheelbarrow
29:27 Imperial Age
28:00 Chemistry
29:04 Padded Archer Armor
28:54 Fletching
29:15 Forging
29:05 Scale Mail Armor
28:29 Crossbowman
30:15 Ballistics
30:12 Leather Archer Armor
31:35 Two-Man Saw
29:57 Arbalester
31:08 Bodkin Arrow
34:23 Pikeman
34:49 Arson
35:04 Squires
Jersey_TitanX
10:24 Feudal Age
9:44 Loom
9:55 Man-at-Arms
11:10 Double-Bit Axe
13:41 Arson
21:39 Castle Age
20:51 Elite Skirmisher
23:16 Gold Mining
23:30 Horse Collar
29:17 Wheelbarrow
35:06 Hand Cart
34:49 Crossbowman
36:21 Fletching
36:32 Padded Archer Armor
TheAnatolich
10:52 Feudal Age
11:33 Double-Bit Axe
11:29 Horse Collar
15:57 Wheelbarrow
18:35 Castle Age
21:24 Bow Saw
22:14 Heavy Plow
22:09 Gold Mining
22:29 Stone Mining
23:28 Hand Cart
24:03 Gold Shaft Mining
25:35 Forging
25:25 Scale Mail Armor
25:54 Loom
27:07 Gambesons
27:23 Squires
27:08 Arson
28:05 Iron Casting
27:45 Chain Mail Armor
27:23 Man-at-Arms
28:34 Long Swordsman
36:04 Imperial Age
33:23 Pikeman
33:55 Fletching
34:19 Fortified Wall
34:31 Ballistics
34:06 Murder Holes
35:54 Masonry
38:33 Plate Mail Armor
37:58 Bodkin Arrow
37:32 Shield Wall
jack122800
10:31 Feudal Age
14:48 Castle Age
15:40 Double-Bit Axe
28:52 Padded Archer Armor
emperor6702
10:15 Feudal Age
14:49 Castle Age
12:40 Double-Bit Axe
15:43 Bow Saw
19:47 Gold Mining
20:08 Bow Saw
19:41 Horse Collar
21:14 Wheelbarrow
20:27 Loom
20:28 Town Watch
21:31 Arson
22:18 Squires
22:40 Squires
24:24 Scale Mail Armor
25:54 Chain Mail Armor
26:15 Gambesons
26:56 Hand Cart
26:53 Forging
27:31 Stone Mining
33:16 Imperial Age
31:43 Iron Casting
32:13 Hamask
34:21 Onager
34:23 Northmen's Fury
38:03 Plate Mail Armor
38:34 Blast Furnace
36:58 Elite Varangian Guard
38:29 Siege Onager
他肯
10:58 Feudal Age
15:02 Castle Age
13:24 Double-Bit Axe
14:19 Horse Collar
14:55 Gold Mining
16:38 Bow Saw
18:55 Gold Shaft Mining
19:40 Loom
20:30 Wheelbarrow
19:46 Loom
23:12 Hand Cart
23:50 Heavy Plow
26:41 Imperial Age
24:47 Scale Barding Armor
27:23 Bloodlines
28:25 Chain Barding Armor
30:01 Conscription
30:22 Forging
30:23 Artillery
30:57 Husbandry
34:39 Iron Casting
34:40 Plate Barding Armor
34:06 Padded Archer Armor
37:55 Blast Furnace
36:49 Elite Janissary
Connection lost

Rejoining the realm…

Still unreachable

The connection could not be restored.

Session expired

The server has moved on; the page needs a fresh start.